 Dungeon Crawl Stone Soup version 0.26-a0-542-gbaa144ba5c (webtiles) character file.

Game seed: 15040808908556572080

97 MrRokkomies the Stinger (level 4, -11/37 HPs)
             Began as a Tengu Venom Mage on Aug 18, 2020.
             Killed by nerve-wracking pain
             ... invoked by an orc priest
              (12 damage)
             ... on level 3 of the Dungeon.
             The game lasted 00:03:47 (2181 turns).

MrRokkomies the Stinger (Tengu Venom Mage)          Turns: 2181, Time: 00:03:48

Health: -11/37     AC:  4    Str:  8    XL:     4   Next: 68%
Magic:  3/8        EV: 13    Int: 17    God:
Gold:   99         SH:  0    Dex: 14    Spells: 1/7 levels left

rFire    . . .     SeeInvis .   n - +2 short sword (holy)
rCold    . . .     Faith    .   (no shield)
rNeg     . . .     Spirit   .   a - +0 robe
rPois    .         Reflect  .   b - +2 hat
rElec    .         Harm     .   (no cloak)
rCorr    .                      (no gloves)
MR       .....                  (boots unavailable)
Stlth    ..........             (no amulet)
HPRegen  0.12/turn              (no ring)
MPRegen  0.11/turn              (no ring)

@: berserking, very slightly contaminated, very quick
A: beak, talons 3
a: no special abilities


You were on level 3 of the Dungeon.
You visited 1 branch of the dungeon, and saw 4 of its levels.

You collected 99 gold pieces.

Inventory:

Hand Weapons
 n - a +2 short sword of holy wrath (weapon)
Missiles
 e - 12 javelins (quivered)
Armour
 a - a +0 robe (worn)
 b - a +2 hat (worn)
Jewellery
 i - an uncursed ring of stealth {unknown}
Scrolls
 d - 2 scrolls of amnesia {unknown}
 f - a scroll of random uselessness {unknown}
 g - a scroll of noise {unknown}
 h - a scroll of identify {unknown}
 j - a scroll of enchant weapon {unknown}
 m - a scroll of teleportation {unknown}
 o - a scroll of blinking {unknown}
Potions
 c - a potion of haste {unknown}
 k - a potion of berserk rage
 l - a potion of flight {unknown}
 p - a potion of lignification {unknown}
 q - a potion of curing {unknown}


   Skills:
 + Level 1.3 Fighting
 * Level 3.5 Dodging
 - Level 2.0 Stealth
 + Level 2.4 Spellcasting
 - Level 0.7 Transmutations
 * Level 3.9 Poison Magic


You had one spell level left.
You knew the following spells:

 Your Spells              Type           Power        Failure   Level
a - Sting                 Tmut/Pois      #...         7%          1
b - Poisonous Vapours     Pois/Air       #.....       13%         2
c - Mephitic Cloud        Conj/Pois/Air  #.......     32%         3

Your spell library contained the following spells:

 Spells                   Type           Power        Failure   Level
 Ignite Poison            Fire/Tmut/Pois #.......     30%         3
 Olgreb's Toxic Radiance  Pois           ###.....     36%         4


Dungeon Overview and Level Annotations

Branches:
Dungeon (4/15)
 Temple: D:4-7

Altars:


Innate Abilities, Weirdness & Mutations

You have a beak for a mouth.
You have claws for feet.


Message History

Press: ? - help, Dir - move target cursor, f/p - orc priest
Aim: an orc priest (poisoned) Poisonous vapours surround the orc priest!
The bat misses you. The orc hits you with a +0 flail!
* * * LOW HITPOINT WARNING * * *
The leopard gecko misses you.
The orc priest is engulfed in poison gas.
The orc priest looks even sicker.
The orc priest closely misses you.
It was a potion of berserk rage.
A red film seems to cover your vision as you go berserk!
You feel yourself moving faster!
You feel mighty! The bat completely misses you.
The leopard gecko closely misses you. The orc misses you.
The orc priest barely misses you.
You hit the orc. You claw the orc.
You kill the orc!
The bat barely misses you. The leopard gecko bites you.
* * * LOW HITPOINT WARNING * * *
The orc priest calls down the wrath of Beogh upon you.
Pain shoots through your body!
You die...

.#.#.# #.... .#.#.#.#
#o.... #.#.#.#.#
#.#.. #.#.#.#.# #.#..
#.#.#.#.#o#o#
#.#.#.#.#.#
#.#.#o#.#+#####
#.#.#.#l....)#
#.##o@b.....#
####.###.).....#
#....# #.......#
######.######.......#
#........<..#......(#
#.####....#.#.......#
>.......#.#.......#
#.......#.#.......#
#.#######.#


You could see an orc priest (very poisoned), an orc, a leopard gecko and a bat.

Vanquished Creatures
  An orc wizard (D:4)
  An adder (D:2)
  2 oozes (D:1)
  A worm (D:2)
  A dart slug (D:1)
  2 leopard geckos (D:1)
  3 orcs
  5 giant cockroaches
  2 goblins
  6 hobgoblins
  2 kobolds (D:2)
  8 bats
  A frilled lizard (D:2)
  6 rats
41 creatures vanquished.

Notes
Turn   | Place    | Note
-------+----------+-------------------------------------------
     0 | D:1      | MrRokkomies the Tengu Venom Mage began the quest for the
                  | Orb.
     0 | D:1      | Reached XP level 1. HP: 10/10 MP: 4/4
   242 | D:1      | Reached XP level 2. HP: 13/15 MP: 4/6
   606 | D:1      | Reached XP level 3. HP: 16/20 MP: 7/7
  1242 | D:2      | Reached skill level 1 in Fighting
  1578 | D:2      | Reached XP level 4. HP: 20/25 MP: 8/8
  2014 | D:4      | Learned a level 2 spell: Poisonous Vapours
  2018 | D:4      | Learned a level 3 spell: Mephitic Cloud
  2181 | D:3      | HP: 1/37 [leopard gecko (2)]
  2181 | D:3      | Killed from afar by an orc priest

Illustrated notes

Levels and vault maps discovered:
D:1:      dpeg_arrival_radiant, layout_basic, minivault_14,
          minmay_misc_feat_five
D:2:      layout_loops_corners
D:3:      layout_basic, overflow_temple_1_default, uniq_natasha, uniq_grinder
D:4:      layout_cave_pods, serial_shops, shop, shop, shop, nicolae_shop_stone,
          kennysheep_mini_moat, ashenzari_altar_1

Skill      XL: |  1  2  3 |
---------------+----------+-----
Dodging        | 3 |  3.5
Fighting       | 1 |  1.3
Stealth        | |  2.0
Spellcasting   | |  2.4
Transmutations | |  0.7
Poison Magic   | |  3.9

Action                   |  1- 3 |  4- 6 || total
-------------------------+-------+-------++-------
Melee: Unarmed           |    66 |       ||    66
       Kick              |    22 |     8 ||    30
       Peck              |     9 |     2 ||    11
       Short sword       |    21 |    15 ||    36
 Cast: Sting             |    12 |       ||    12
       Poisonous Vapours |       |     4 ||     4
  Use: Potion            |       |     1 ||     1
 Stab: Sleeping          |     4 |     1 ||     5
Armor: Robe              |    28 |     5 ||    33
Dodge: Dodged            |    81 |    27 ||   108

Table legend: (Time is in decaauts)
 A = Elapsed time spent in this place.
 B = Non-inter-level travel time spent in this place.
 C = Inter-level travel time spent in this place.
 D = Time resting spent in this place.
 E = Time spent auto-exploring this place.
 F = Levels seen in this place.
 G = Mean time per level.
                   A        B        C        D        E       F      G
               +--------+--------+--------+--------+--------+-----+--------+
         Total |   2183 |   2139 |     44 |    143 |   1691 |   4 |  545.8 |
       Dungeon |   2183 |   2139 |     44 |    143 |   1691 |   4 |  545.8 |
               +--------+--------+--------+--------+--------+-----+--------+

Top non-repeatable levels by time:
     D:1: 1140 daAuts
     D:2: 844 daAuts
     D:4: 169 daAuts
     D:3: 30 daAuts
